 Dungeon Crawl Stone Soup version 0.31-a0-174-g85c54bcb58 (webtiles) character file.

Game seed: 17376547964467745947

228 qw the Shooter (level 6, -5/38 HPs)
             Began as a Gargoyle Hunter on June 15, 2023.
             Slain by a lemure (6 damage)
             ... led by Pikel
             ... on level 4 of the Dungeon.
             The game lasted 00:01:03 (2186 turns).

qw the Shooter (Gargoyle Hunter)                    Turns: 2186, Time: 00:01:03

Health: -5/38      AC: 10    Str: 14    XL:     6   Next: 2%
Magic:  6/6        EV: 10    Int: 10    God:
Gold:   182        SH:  0    Dex: 15    Spells: 5/5 levels left

rFire   . . .        Y - +0 shortbow (flame)
rCold   . . .        (shield currently unavailable)
rNeg    + . .        a - +0 ring mail
rPois   inf          (no helmet)
rElec   +            (no cloak)
rCorr   .            (no gloves)
SInv    .            f - +0 pair of boots
Will    .....        (no amulet)
Stlth   +            (no ring)
HPRegen 0.26/turn    (no ring)
MPRegen 0.10/turn

%: no passive effects
@: no status effects
A: sickness immunity, AC +4, negative energy resistance 1, electricity
resistance, torment resistance 1, petrification resistance
a: no special abilities


You were on level 4 of the Dungeon.
You visited 1 branch of the dungeon, and saw 4 of its levels.

You collected 182 gold pieces.


Innate Abilities, Weirdness & Mutations

You are immune to sickness and miasma.
Your stone body is resilient. (AC +4)
You are immune to poison.
You resist negative energy. (rN+)
You are resistant to electric shocks. (rElec)
You are resistant to unholy torment.
You are immune to petrification.


   Skills:
 - Level 4.3 Fighting
 + Level 6.0 Ranged Weapons
 - Level 1.1 Armour
 - Level 1.5 Dodging
 - Level 1.1 Stealth


You had 5 spell levels left.
You didn't know any spells.
Your spell library was empty.

Inventory:

Hand Weapons
 g - a +1 shortbow
 Y - a +0 shortbow of flaming (weapon)
Armour
 a - a +0 ring mail (worn)
 f - a +0 pair of boots (worn)
 j - a +0 pair of gloves
Scrolls
 c - a scroll of identify
Potions
 b - a potion of cancellation {unknown}
 d - a potion of lignification {unknown}
 e - a potion of brilliance {unknown}
 h - a potion of ambrosia {unknown}
 i - a potion of curing {unknown}
 k - a potion of magic {unknown}

Dungeon Overview and Level Annotations

Branches:
Dungeon (4/15)
 Temple: D:4-7

Altars:
Zin

Annotations:
D:3 3 runed translucent doors, qw's ghost, amateur GrFi
D:4 Pikel


Message History

The lemure barely misses you.
You shoot an arrow. The goblin shouts!
The arrow hits the lemure.
The arrow burns the lemure.
The lemure is heavily wounded.
The lemure closely misses you.
You shoot an arrow.
The arrow hits the lemure but does no damage.
The lemure is heavily wounded.
You shoot an arrow.
The arrow hits Pikel but does no damage.
Pikel is lightly wounded.
The lemure misses you.
You shoot an arrow.
The arrow hits Pikel but does no damage.
Pikel is lightly wounded.
Pikel barely misses you. The lemure hits you.
The lemure hits you but does no damage.
Pikel hits you with a +1 whip of freezing!
Pikel freezes you. The lemure hits you but does no damage.
You shoot an arrow.
The arrow hits Pikel but does no damage.
Pikel is lightly wounded.
Pikel hits you with a +1 whip of freezing.
Pikel freezes you. The lemure hits you. The lemure hits you but does no damage.
You shoot an arrow. The arrow hits Pikel!
Pikel is moderately wounded.
Pikel says, "It's all about the gold, really."
Pikel hits you with a +1 whip of freezing.
Pikel freezes you. The lemure hits you.
The lemure hits you but does no damage. x2
You shoot an arrow. The arrow hits Pikel.
Pikel is heavily wounded.
The lemure hits you. Pikel closely misses you. The lemure closely misses you.
The lemure hits you but does no damage.
You shoot an arrow. The arrow misses Pikel.
The arrow hits the goblin.
The arrow burns the goblin.
You kill the goblin!
Pikel hits you but does no damage. The lemure hits you.
The lemure hits you but does no damage. The lemure hits you.
You die...

###### # ####....#####
###
#.............####.#####
.....#55...........#....
.....rK@..#.#......##..#
......5#....#...#.###..#
......5..#.....##.#....#
....##.#....##.##.#.##.#
#.. #.#.#......>...##.#
#. ..#.##.#.##.##....# .
........#.#<.##.####
.......... #.....# :...
.# ##.####


You could see Pikel, 4 lemures and a quokka.

Vanquished Creatures
  2 iguanas
  2 orc wizards (D:3)
  4 adders
  A worm (D:2)
  3 dart slugs
  7 orcs (D:3)
  8 ball pythons
  4 endoplasms
  3 giant cockroaches (D:2)
  13 goblins
  6 hobgoblins
  4 kobolds
  5 quokkas
  5 bats
  3 frilled lizards
  4 rats
74 creatures vanquished.

Notes
Turn   | Place    | Note
-------+----------+-------------------------------------------
     0 | D:1      | qw the Gargoyle Hunter began the quest for the Orb.
     0 | D:1      | Reached XP level 1. HP: 12/12 MP: 1/1
     0 | D:1      | 0 ||| qw: Version: 0.2-a-29-g511e9b1
     0 | D:1      | 0 ||| qw: Game counter: 5268
     0 | D:1      | 0 ||| qw: Always use a shield: true
     0 | D:1      | 0 ||| qw: God list: Okawaru
     0 | D:1      | 0 ||| qw: Allow faded altars: false
     0 | D:1      | 0 ||| qw: Do Orc after D:15 true
     0 | D:1      | 0 ||| qw: Do second Lair branch before Depths: true
     0 | D:1      | 0 ||| qw: Lair rune preference: random
     0 | D:1      | 0 ||| qw: Plans: Normal, Zot:1-4, Slime:5, God:TSO, Crypt,
                  | Tomb, Abyss, Pan, Hells, Win
     0 | D:1      | 0 ||| PLANNING D:1-11
   103 | D:1      | Found a faded altar of an unknown god.
   149 | D:1      | Reached XP level 2. HP: 17/17 MP: 2/2
   448 | D:1      | Reached XP level 3. HP: 19/21 MP: 3/3
   469 | D:1      | Reached skill level 5 in Ranged Weapons
   606 | D:1      | 606 ||| READING scroll labelled VOTUIPL WAHA.
   607 | D:1      | 607 ||| READING scroll labelled RUFUUF FEXTOI.
   607 | D:1      | Identified a scroll of acquirement
   607 | D:1      | 607 ||| ACQUIRING +0 shortbow of flaming
   607 | D:1      | Acquired a +0 shortbow of flaming
   609 | D:1      | 609 ||| UPGRADING to +0 shortbow of flaming.
   610 | D:1      | 610 ||| READING scroll labelled TUESAU LILYHU.
   611 | D:1      | 611 ||| READING scroll labelled PACLIJ UNKEAWU.
   616 | D:1      | 616 ||| READING scroll labelled XEOHIO MIOZUA.
   617 | D:1      | 617 ||| DROPPING scroll of butterflies.
   806 | D:2      | Reached skill level 3 in Fighting
   806 | D:2      | Reached XP level 4. HP: 28/28 MP: 4/4
  1275 | D:2      | 1275 ||| UPGRADING to +0 ring mail.
  1285 | D:2      | 1285 ||| DROPPING +0 leather armour.
  1286 | D:2      | 1286 ||| READING scroll labelled MILENY PELU.
  1320 | D:3      | Reached skill level 1 in Armour
  1320 | D:3      | Reached XP level 5. HP: 32/32 MP: 5/5
  1330 | D:3      | Identified the +0 sling of Slime {flame, rPois Str+3 Int-5}
  1332 | D:3      | 1332 ||| DROPPING +0 sling of Slime {flame, rPois Str+3
                  | Int-5}.
  1350 | D:3      | Found a runed translucent gate.
  1350 | D:3      | Found a runed translucent gate.
  1350 | D:3      | Found a runed translucent gate.
  1382 | D:3      | Found a glowing silver altar of Zin.
  1407 | D:3      | Noticed qw's ghost (amateur GrFi)
  1444 | D:3      | 1444 ||| FLEEEEING.
  1445 | D:3      | 1445 ||| FLEEEEING.
  1446 | D:3      | 1446 ||| FLEEEEING.
  1447 | D:3      | 1447 ||| FLEEEEING.
  1448 | D:3      | 1448 ||| FLEEEEING.
  1449 | D:3      | 1449 ||| FLEEEEING.
  1450 | D:3      | 1450 ||| FLEEEEING.
  1452 | D:3      | 1452 ||| FLEEEEING.
  1460 | D:3      | 1460 ||| STAIRDANCE
  1503 | D:2      | 1503 ||| UPGRADING to +0 pair of boots.
  1508 | D:2      | 1508 ||| READING scroll labelled WEUFUFOHAZ.
  1509 | D:2      | 1509 ||| READING scroll labelled UXEXI XABIQ.
  1518 | D:3      | 1518 ||| STAIRDANCE
  1547 | D:3      | Reached skill level 6 in Ranged Weapons
  1604 | D:3      | HP: 7/32 [orc/+0 dagger (3)]
  2031 | D:4      | Reached XP level 6. HP: 23/38 MP: 6/6
  2175 | D:4      | Noticed Pikel
  2184 | D:4      | HP: 9/38 [lemure[Pikel] (2)]
  2186 | D:4      | HP: 1/38 [lemure[Pikel] (4)]
  2186 | D:4      | Slain by a lemure

Levels and vault maps discovered:
D:1:      shiori_shiawase, layout_basic, hellmonk_ecumenical_altar_blasted,
          minivault_25
D:2:      layout_loops_ring, minmay_misc_feat_pillars
D:3:      layout_rooms, zin_scriptorium, ebering_ghost_rock_garden
D:4:      minmay_razor_zed, layout_basic, kennysheep_mini, serial_shops,
          nicolae_shop_just_a_little_nook, serial_park_tiny_2, uniq_pikel

Skill      XL: |  1  2  3  4  5 |
---------------+----------------+-----
Ranged Weapons | 5 6 |  6.0
Fighting       | 3 4 |  4.3
Armour         | 1 |  1.1
Dodging        | |  1.5
Stealth        | |  1.1

Action                     |  1- 3 |  4- 6 || total
---------------------------+-------+-------++-------
   Fire: Shortbow          |    76 |   141 ||   217
    Use: Scroll            |     5 |     3 ||     8
 Armour: Leather armour    |     3 |     2 ||     5
         Ring mail         |       |    49 ||    49
  Dodge: Dodged            |    13 |    48 ||    61

Table legend:
 A = Non-vault XP
 B = Vault XP
 C = Vault XP percentage of total XP
 D = Non-vault monster count
 E = Vault monster count
 F = Vault count percentage of total count
                 A         B        C        D         E       F
            +---------+---------+-------+---------+---------+-------
      Total |     329 |       0 |   0.0 |      74 |       0 |   0.0
            +---------+---------+-------+---------+---------+-------
        D:1 |      43 |       0 |   0.0 |      23 |       0 |   0.0
        D:2 |     108 |       0 |   0.0 |      26 |       0 |   0.0
        D:3 |     137 |       0 |   0.0 |      23 |       0 |   0.0
        D:4 |      41 |       0 |   0.0 |       2 |       0 |   0.0
            +---------+---------+-------+---------+---------+-------
